 Dungeon Sprint DCSS version 0.21.1-1-g345015f (webtiles) character file.

9453 Psiloshibe the Fencer (level 13, -7/94 HPs)
             Began as a Barachi Berserker on June 10, 2018.
             Was a High Priest of Trog.
             Mangled by a spriggan defender
             ... wielding a +6 lajatang of speed
              (34 damage)
             ... in the Dungeon (Sprint VI: "Thunderdome").
             The game lasted 00:35:28 (1980 turns).

Psiloshibe the Fencer (Barachi Berserker)           Turns: 1980, Time: 00:35:31

Health: -7/94      AC: 14    Str: 32    XL:     13   Next: 78%
Magic:  4/4        EV: 18    Int:  7    God:    Trog [*****.]
Gold:   1977       SH:  4    Dex: 14    Spells: 12/12 levels left

rFire    x . .     SeeInvis .   b - +4 great sword (antimagic)
rCold    + + .     Gourm    .   (shield currently unavailable)
rNeg     . . .     Faith    .   t - +0 scale mail
rPois    +         Spirit   .   B - +3 helmet of Fortitude {rF- MR+++ Int+2 Stlth-}
rElec    .         Reflect  +   A - +0 cloak of Valour {Regen+} (curse)
rCorr    .         Harm     .   y - +0 pair of gloves of Dramatic Exits {Str+3 Int-3}
MR       +++++     Clarity  +   C - -2 pair of boots of Zenwad {*Drain Str+3 Int+4} Stlth ..........NoTele +
                                u - +4 amulet of reflection
HPRegen  1.00/turn              E - ring of Zubyuroysk {Dex+3 Slay+2}
MPRegen  0.09/turn              o - ring "Olamo" {rPois rC++ MR++ Str+2}

@: very slightly contaminated, regenerating, slow
A: +LOS, swims, clarity, deformed body, dopey 2, frail 2, low mp 2, screaming 3,
slowness 1, inhibited regeneration, subdued magic 1, MP-powered wands, strong
legs 2
}: 2/15 runes: serpentine, barnacled
a: Hop, Berserk, Trog's Hand, Brothers in Arms, Burn Spellbooks, Renounce
Religion


You were in the Dungeon.
You worshipped Trog.
Trog was extremely pleased with you.
You were very hungry.

You visited 1 branch You collected 4610 gold pieces.
You spent 2633 gold pieces at shops.

Inventory:

Hand Weapons
 a - a +3 antimagic rapier
 b - a +4 antimagic great sword (weapon)
 w - a +7 dire flail of holy wrath
 z - a +2 mace of protection
 D - a +0 demon trident of venom
Missiles
 r - 17 javelins of penetration
 v - 8 poisoned javelins (quivered)
 x - 19 poisoned tomahawks
 F - 5 javelins of returning
 J - 5 silver javelins
 K - 3 steel javelins
Armour
 t - a +0 scale mail (worn)
 y - the +0 pair of gloves of Dramatic Exits (worn) {Str+3 Int-3}
   (You bought it in a shop in the Dungeon)

   It affects your strength (+3).
   It affects your intelligence (-3).
 A - the cursed +0 cloak of Valour (worn) {Regen+}
   (You bought it in a shop in the Dungeon)

   It increases your rate of regeneration.
   It has a curse placed upon it.
 B - the +3 helmet of Fortitude (worn) {rF- MR+++ Int+2 Stlth-}
   (You bought it in a shop in the Dungeon)

   It affects your intelligence (+2).
   It makes you vulnerable to fire.
   It affects your resistance to hostile enchantments.
   It makes you less stealthy.
 C - the -2 pair of boots of Zenwad (worn) {*Drain Str+3 Int+4}
   (You bought it in a shop in the Dungeon)

   It affects your strength (+3).
   It affects your intelligence (+4).
   It causes draining when unequipped.
Jewellery
 o - the ring "Olamo" (right hand) {rPois rC++ MR++ Str+2}
   (You bought it in a shop in the Dungeon)

   [ring of poison resistance]

   It affects your strength (+2).
   It greatly protects you from cold.
   It protects you from poison.
   It affects your resistance to hostile enchantments.
 q - the amulet "Buethurph" {Gourm MR+ Dex+5 Stlth+}
   (You bought it in a shop in the Dungeon)

   [amulet of the gourmand]

   It allows you to eat raw meat even when not hungry.
   It affects your dexterity (+5).
   It affects your resistance to hostile enchantments.
   It makes you more stealthy.
 u - a +4 amulet of reflection (around neck)
 E - the ring of Zubyuroysk (left hand) {Dex+3 Slay+2}
   (You bought it in a shop in the Dungeon)

   [ring of dexterity]

   It affects your dexterity (+3).
   It affects your accuracy and damage with ranged weapons and melee attacks
   (+2).
Wands
 k - a wand of acid (4)
 l - a wand of iceblast (5)
 s - a wand of digging (14)
Scrolls
 i - 3 scrolls of blinking
 m - 3 scrolls of fog
Potions
 d - 2 potions of curing
 e - 10 potions of heal wounds
 f - 4 potions of haste
 g - 2 potions of magic
 h - a potion of berserk rage
 j - a potion of resistance
 I - a potion of agility
Miscellaneous
 G - a lightning rod (4/4)
Comestibles
 c - 2 rations
 n - 6 chunks of flesh


   Skills:
 * Level 16.3 Fighting
 + Level 18.7 Long Blades
 * Level 5.8 Maces & Flails
 + Level 0.8 Polearms
 * Level 15.1 Throwing
 + Level 14.5 Armour
 + Level 11.5 Dodging
 + Level 4.7 Stealth
   Level 3.5 Shields
 + Level 1.9 Unarmed Combat
 * Level 5.2 Evocations


You had 12 spell levels left.
You didn't know any spells.

Dungeon Overview and Level Annotations

Branches:
Dungeon (1/1)

Altars:
Cheibriados
Dithmenos
Fedhas
Gozag
Kikubaaqudgha
Makhleb
Okawaru
Qazlal
Ru
Sif Muna
Trog
Uskayaw
Vehumet
Wu Jian
Xom
Yredelemnul
Zin
The Shining One
Beogh
Jiyva
Lugonu

Shops:
D *[%??*?*:[((!!!!

Annotations:
D Agnes


Innate Abilities, Weirdness & Mutations

Shadows flee at your approach. (+LOS)
You can swim through water.
You cover ground slowly.
You can hop long distances.
You possess an exceptional clarity of mind.
Armour fits poorly on your strangely shaped body.
You are very dopey. (Int -4)
You are very frail. (-20% HP)
Your magical capacity is very low. (-20% MP)
You frequently scream uncontrollably at your foes.
You do not regenerate when monsters are visible.
Your spells are a little easier to cast, but a little less powerful.
You expend magic power (3 MP) to strengthen your wands.


Message History

The spriggan defender barely misses you.
Your iron troll bites Agnes!!!
Your iron troll claws Agnes!!
Your iron troll claws Agnes!
You slice the spriggan defender!!
The spriggan defender is heavily wounded.
Agnes hits your iron troll with a lajatang of electrocution!
Lightning courses through your iron troll!
The spriggan defender hits you but does no damage.
Your iron troll misses Agnes. x2; Your iron troll closely misses Agnes.
Agnes hits your iron troll with a lajatang of electrocution!!
Lightning courses through your iron troll!
Your iron troll dies!
Your iron troll's corpse disappears in a puff of smoke!
The spriggan defender hits you with a lajatang of speed!!
* * * LOW HITPOINT WARNING * * *
The spriggan defender misses you.
You riposte.
You slice the spriggan defender!!
The spriggan defender is almost dead.
The spriggan defender hits you with a lajatang of speed!!
You die...

#_......._#
###......(..###
#(...........⌠#
######.8.......).8(##
##∩__....((.###....(._
###∩.......(8..##.8....[
##..[.......[..#.#....(..
#⌠........§.###..(###(...
#⌠.....[@i..###.<..##(...
#⌠(......i........(......
##.............###.......
###∩........8.###.8.....
##∩___(..[..##........
######.8......[..8.##
#⌠...........⌠#
###.........###
#_......._#


You could see Agnes and a spriggan defender.

Vanquished Creatures
  Polyphemus (D)
  Frances (D)
  An iron dragon (D)
  A spriggan air mage (D)
  3 iron trolls (D)
  A harpy (D)
  A shining eye (D)
  4 rust devils (D)
  2 gargoyles (D)
  A hellwing (D)
  A red devil (D)
  An ice devil (D)
  A ynoxinul (D)
  3 fire bats (D)
  3 fire elementals (D)
  4 neqoxecs (D)
  A chaos spawn (D)
  5 steam dragons (D)
  3 hell hounds (D)
  2 floating eyes (D)
  An eye of draining (D)
  A wolf (D)
  2 sky beasts (D)
  12 earth elementals (D)
  A quasit (D)
  An orc wizard (D)
  2 iron imps (D)
  A jelly (D)
  Terence (D)
  A worker ant (D)
  2 shadow imps (D)
  A white imp (D)
  A goblin (D)
  2 jackals (D)
  A rat (D)
70 creatures vanquished.

Vanquished Creatures (collateral kills)
  A naga warrior (D)
  A soul eater (D)
  An iron troll (D)
  5 rust devils (D)
  A smoke demon (D)
  4 orange demons (D)
  2 hellwings (D)
  2 ice devils (D)
  2 ynoxinuls (D)
  7 neqoxecs (D)
  A sky beast (D)
  6 earth elementals (D)
33 creatures vanquished.

Grand Total: 103 creatures vanquished

Notes
Turn   | Place    | Note
-------+----------+-------------------------------------------
     0 | D        | Psiloshibe the Barachi Berserker began the quest for the Orb.
     0 | D        | Reached XP level 1. HP: 18/18 MP: 1/1
     0 | D        | Found a viscous altar of Jiyva.
     0 | D        | Found a shimmering altar of Xom.
     3 | D        | Found a glowing silver altar of Zin.
     3 | D        | Found an ornate altar of the Wu Jian Council.
     3 | D        | Found a roughly hewn altar of Beogh.
     4 | D        | Found a glowing golden altar of the Shining One.
     4 | D        | Found an opulent altar of Gozag.
     5 | D        | Found Irhoruaq's Delicious Food.
     5 | D        | Found a corrupted altar of Lugonu.
     5 | D        | Found Jugiegou's Identification Station.
     5 | D        | Found an ancient bone altar of Kikubaaqudgha.
     5 | D        | Round 1.
     6 | D        | Found Everub's Jewellery.
     6 | D        | Found Cusch's Advanced Armour.
     6 | D        | Found a blossoming altar of Fedhas.
     6 | D        | Found a shadowy altar of Dithmenos.
     6 | D        | Found an iron altar of Okawaru.
    20 | D        | Bought a smoking tin ring for 45 gold pieces
    20 | D        | Bought a clouded iron ring for 45 gold pieces
    20 | D        | Bought a warped iron amulet for 45 gold pieces
    20 | D        | Identified the ring "Xikakium" {*Contam rPois rF+ MR+} (You bought it in a shop in the Dungeon)
    21 | D        | Identified the ring "Olamo" {rPois rC++ MR++ Str+2} (You bought it in a shop in the Dungeon)
    22 | D        | Identified the amulet of Wobirat {Spirit rF+ Str+3 Dex+3} (You bought it in a shop in the Dungeon)
    23 | D        | Bought a warped pewter amulet for 45 gold pieces
    24 | D        | Identified the amulet "Buethurph" {Gourm MR+ Dex+5 Stlth+} (You bought it in a shop in the Dungeon)
    27 | D        | Noticed an orc wizard
    34 | D        | Killed an orc wizard
    34 | D        | Reached ** piety under Trog
    34 | D        | Reached skill level 5 in Fighting
    34 | D        | Reached skill level 5 in Long Blades
    34 | D        | Reached XP level 2. HP: 27/27 MP: 0/2
    34 | D        | Reached XP level 3. HP: 33/33 MP: 0/3
    35 | D        | Found a deep blue altar of Sif Muna.
    41 | D        | Found a basalt altar of Yredelemnul.
    42 | D        | Found a sacrificial altar of Ru.
    44 | D        | Found Fipleel's Premium Goods.
    45 | D        | Found Geus's Miscellaneous Merchandise.
    45 | D        | Found Gaak's Basic Armour.
    46 | D        | Found a hide-covered altar of Uskayaw.
    46 | D        | Found Faeff's Weapon Rack.
    51 | D        | Found a snail-covered altar of Cheibriados.
    52 | D        | Found a burning altar of Makhleb.
    53 | D        | Found Eplarheb's Do-It-Yourself Clinic.
    54 | D        | Found Davin's Bottled Wisdom.
    54 | D        | Found Tologaot's Distillery.
    54 | D        | Found a bloodstained altar of Trog.
    54 | D        | Found a radiant altar of Vehumet.
    54 | D        | Found a stormy altar of Qazlal.
    54 | D        | Found Xyafuow's Distillery.
    61 | D        | Found Meusadwo's Staff Store.
    61 | D        | Noticed Terence
    62 | D        | Found Vumaasch's Magic Scroll Shop.
    62 | D        | Found Voomp's Must-Have Magic.
    62 | D        | Found Tiakol's Magic Scroll Shop.
    79 | D        | Reached skill level 6 in Long Blades
    81 | D        | Killed Terence
    81 | D        | Arena points: 12 (+12) [x2]
    81 | D        | Reached skill level 1 in Stealth
    81 | D        | Reached XP level 4. HP: 17/41 MP: 4/4
   105 | D        | Round 2.
   146 | D        | Reached *** piety under Trog
   146 | D        | Reached skill level 7 in Long Blades
   162 | D        | Received a gift from Trog
   162 | D        | Reached XP level 5. HP: 38/47 MP: 5/5
   254 | D        | Reached skill level 8 in Long Blades
   269 | D        | Arena points: 24 (+12) [x1]
   282 | D        | Round 3.
   287 | D        | Noticed a hell hound
   302 | D        | Killed a hell hound
   302 | D        | Reached **** piety under Trog
   302 | D        | Reached skill level 9 in Long Blades
   302 | D        | Reached skill level 5 in Throwing
   302 | D        | Reached skill level 5 in Dodging
   302 | D        | Reached XP level 6. HP: 7/56 MP: 6/6
   324 | D        | Noticed a hell hound
   346 | D        | Killed a hell hound
   351 | D        | Reached skill level 10 in Long Blades
   351 | D        | Reached XP level 7. HP: 29/63 MP: 7/7
   395 | D        | Arena points: 66 (+42) [x2]
   438 | D        | Round 4.
   456 | D        | Noticed a fire bat
   457 | D        | Noticed a fire bat
   460 | D        | Killed a fire bat
   461 | D        | Killed a fire bat
   487 | D        | Noticed a fire elemental
   492 | D        | Noticed a fire elemental
   503 | D        | Killed a fire elemental
   503 | D        | Reached ***** piety under Trog
   503 | D        | Reached skill level 11 in Long Blades
   503 | D        | Reached XP level 8. HP: 72/72 MP: 8/8
   510 | D        | Reached skill level 10 in Armour
   527 | D        | Received a gift from Trog
   527 | D        | Reached skill level 10 in Fighting
   557 | D        | Arena points: 150 (+84) [x3]
   588 | D        | Round 5.
   592 | D        | Noticed a naga warlord
   605 | D        | Killed a naga warlord
   605 | D        | Received a gift from Trog
   605 | D        | Arena points: 350 (+200) [x5]
   605 | D        | Reached skill level 12 in Long Blades
   605 | D        | Reached XP level 9. HP: 55/79 MP: 9/9
   606 | D        | Got a serpentine rune of Zot
   646 | D        | Bought a pair of warped gloves for 332 gold pieces
   651 | D        | Identified the +0 pair of gloves of Dramatic Exits {Str+3 Int-3} (You bought it in a shop in the Dungeon)
   747 | D        | Bought 2 rations for 40 gold pieces
   776 | D        | Round 6.
   801 | D        | Reached skill level 10 in Throwing
   810 | D        | Noticed a shining eye
   811 | D        | Paralysed by a floating eye for 4 turns
   819 | D        | Gained mutation: You occasionally shout uncontrollably at your foes. [a shining eye]
   821 | D        | Gained mutation: You expend magic power (3 MP) to strengthen your wands. [a shining eye]
   825 | D        | Gained mutation: Armour fits poorly on your strangely shaped body. [a shining eye]
   827 | D        | Gained mutation: You are frail. (-10% HP) [a shining eye]
   831 | D        | Gained mutation: You possess an exceptional clarity of mind. [a shining eye]
   833 | D        | Gained mutation: You sometimes yell uncontrollably at your foes. [a shining eye]
   834 | D        | Gained mutation: Your magical capacity is low. (-10% MP) [a shining eye]
   836 | D        | Killed a shining eye
   838 | D        | Arena points: 566 (+216) [x6]
   850 | D        | Round 7.
   851 | D        | Noticed an orange demon
   853 | D        | Noticed a rust devil
   858 | D        | Noticed an orange demon
   858 | D        | Noticed a hellwing
   860 | D        | Noticed an ice devil
   860 | D        | Noticed an orange demon
   861 | D        | Noticed a hellwing
   866 | D        | Noticed an ice devil
   867 | D        | Killed an ice devil
   867 | D        | Reached skill level 13 in Long Blades
   869 | D        | Killed a hellwing
   869 | D        | Received a gift from Trog
   872 | D        | Killed a hellwing
   874 | D        | Killed an orange demon
   876 | D        | Killed an ice devil
   877 | D        | Killed a rust devil
   877 | D        | Reached XP level 10. HP: 27/80 MP: 9/9
   879 | D        | Killed an orange demon
   881 | D        | Killed an orange demon
   884 | D        | Arena points: 1056 (+490) [x7]
   884 | D        | Reached skill level 1 in Shields
   925 | D        | Reached skill level 1 in Unarmed Combat
   925 | D        | Reached skill level 1 in Evocations
   925 | D        | Reached XP level 11. HP: 61/85 MP: 10/10
   925 | D        | Round 8.
   935 | D        | Received a gift from Trog
   978 | D        | Reached skill level 14 in Long Blades
  1013 | D        | Arena points: 1632 (+576) [x8]
  1055 | D        | Bought a transparent cloak for 332 gold pieces
  1055 | D        | Bought a warped helmet for 332 gold pieces
  1055 | D        | Bought a pair of smoking boots for 332 gold pieces
  1060 | D        | Identified the cursed +0 cloak of Valour {Regen+} (You bought it in a shop in the Dungeon)
  1065 | D        | Identified the +3 helmet of Fortitude {rF- MR+++ Int+2 Stlth-} (You bought it in a shop in the Dungeon)
  1070 | D        | Identified the -2 pair of boots of Zenwad {*Drain Str+3 Int+4} (You bought it in a shop in the Dungeon)
  1073 | D        | Round 9.
  1136 | D        | Received a gift from Trog
  1145 | D        | Noticed an iron troll
  1153 | D        | Killed an iron troll
  1197 | D        | Received a gift from Trog
  1197 | D        | Reached skill level 15 in Long Blades
  1205 | D        | Arena points: 2361 (+729) [x9]
  1235 | D        | Round 10.
  1235 | D        | Noticed Polyphemus
  1238 | D        | Noticed a sea snake
  1250 | D        | Noticed a harpy
  1257 | D        | Killed a harpy
  1264 | D        | Killed Polyphemus
  1264 | D        | Received a gift from Trog
  1264 | D        | Arena points: 3461 (+1100) [x11]
  1264 | D        | Reached skill level 16 in Long Blades
  1264 | D        | Reached skill level 10 in Dodging
  1269 | D        | Got a barnacled rune of Zot
  1378 | D        | Bought 5 potions of heal wounds for 500 gold pieces
  1404 | D        | Round 11.
  1405 | D        | Noticed a soul eater
  1414 | D        | Killed a soul eater
  1420 | D        | Reached XP level 12. HP: 68/96 MP: 3/11
  1440 | D        | Reached skill level 17 in Long Blades
  1447 | D        | Noticed Frances
  1462 | D        | Killed Frances
  1462 | D        | Received a gift from Trog
  1475 | D        | Received a gift from Trog
  1498 | D        | HP: 4/97 [red devil/demon trident of venom (5)]
  1498 | D        | HP: 1/97 [ufetubus[a ynoxinul] (3)]
  1504 | D        | Received a gift from Trog
  1505 | D        | Arena points: 5045 (+1584) [x12]
  1540 | D        | Round 12.
  1560 | D        | Noticed an iron troll
  1570 | D        | Received a gift from Trog
  1570 | D        | Reached skill level 1 in Maces & Flails
  1575 | D        | Killed an iron troll
  1579 | D        | Received a gift from Trog
  1579 | D        | Reached skill level 15 in Fighting
  1585 | D        | Reached skill level 18 in Long Blades
  1665 | D        | Received a gift from Trog
  1665 | D        | Arena points: 7073 (+2028) [x13]
  1691 | D        | Round 13.
  1710 | D        | Gained mutation: You are dopey. (Int -2) [a neqoxec]
  1711 | D        | Gained mutation: Your spells are a little easier to cast, but a little less powerful. [a neqoxec]
  1727 | D        | Gained mutation: You are very dopey. (Int -4) [a neqoxec]
  1728 | D        | Received a gift from Trog
  1734 | D        | Gained mutation: You frequently scream uncontrollably at your foes. [a neqoxec]
  1753 | D        | Gained mutation: You do not regenerate when monsters are visible. [a neqoxec]
  1753 | D        | Gained mutation: Your magical capacity is very low. (-20% MP) [a neqoxec]
  1755 | D        | Gained mutation: You are clumsy. (Dex -2) [a neqoxec]
  1759 | D        | Received a gift from Trog
  1760 | D        | Lost mutation: You are clumsy. (Dex -2) [a neqoxec]
  1764 | D        | Arena points: 9257 (+2184) [x14]
  1767 | D        | Gained mutation: You can hop long distances. [Barachi growth]
  1767 | D        | Reached XP level 13. HP: 104/104 MP: 4/12
  1779 | D        | Bought 2 rations for 40 gold pieces
  1783 | D        | Bought a crude bone ring for 45 gold pieces
  1784 | D        | Identified the ring of Zubyuroysk {Dex+3 Slay+2} (You bought it in a shop in the Dungeon)
  1789 | D        | Gained mutation: You are very frail. (-20% HP) [mutagenic glow]
  1818 | D        | Round 14.
  1828 | D        | Bought 5 potions of heal wounds for 500 gold pieces
  1846 | D        | Received a gift from Trog
  1885 | D        | Noticed an iron dragon
  1893 | D        | Reached skill level 5 in Maces & Flails
  1904 | D        | Killed an iron dragon
  1904 | D        | Received a gift from Trog
  1912 | D        | Received a gift from Trog
  1913 | D        | Received a gift from Trog
  1916 | D        | Reached skill level 5 in Evocations
  1933 | D        | Arena points: 9453 (+196) [x1]
  1946 | D        | Round 15.
  1971 | D        | Received a gift from Trog
  1971 | D        | Reached skill level 15 in Throwing
  1973 | D        | Noticed Agnes
  1973 | D        | Noticed a spriggan defender
  1980 | D        | Mangled by a spriggan defender

Skill      XL: |  1  2  3  4  5  6  7  8  9 10 11 12 13 |
---------------+----------------------------------------+-----
Fighting       | 5 6 7 8 9 10 11 12 14 15 16 | 16.3
Long Blades    | 5 6 7 9 10 11 12 13 16 18 | 18.7
Throwing       | 2 3 5 6 8 9 11 12 13 14 15 | 15.1
Armour         | 3 4 6 7 9 11 12 13 14 | 14.5
Dodging        | 3 5 7 8 10 11 | 11.5
Stealth        | 1 2 3 4 |  4.7
Shields        | 2 3 |  3.5
Unarmed Combat | 1 |  1.9
Evocations     | 1 3 5 |  5.2
Maces & Flails | 4 5 |  5.8
Polearms       | |  0.8

Action                   |  1- 3 |  4- 6 |  7- 9 | 10-12 | 13-15 || total
-------------------------+-------+-------+-------+-------+-------++-------
Melee: Falchion          |    12 |    96 |    90 |       |       ||   198
       Great sword       |       |       |       |   102 |    27 ||   129
       Dire flail        |       |       |       |    13 |       ||    13
Throw: Tomahawk          |       |     7 |    18 |     7 |       ||    32
       Javelin           |       |       |     1 |     7 |    19 ||    27
Invok: Berserk           |     1 |     2 |     2 |     2 |     1 ||     8
       Trog's Hand       |     1 |     3 |     6 |     7 |     2 ||    19
       Brothers in Arms  |       |       |     2 |    11 |     3 ||    16
 Abil: Hop               |       |     1 |       |     1 |       ||     2
Evoke: Wand              |       |       |       |     1 |       ||     1
  Use: Potion            |       |       |       |     6 |       ||     6
       Scroll            |       |       |       |     1 |       ||     1
 Stab: Distracted        |       |       |       |     2 |       ||     2
  Eat: Chunk             |       |     5 |     5 |     8 |       ||    18
       Ration            |       |       |     1 |     1 |     1 ||     3
Armor: Animal skin       |     3 |       |       |       |       ||     3
       Scale mail        |       |    54 |    32 |   123 |     4 ||   213
Dodge: Dodged            |    16 |    92 |    51 |   304 |    16 ||   479
Block: Shield            |       |       |     8 |     2 |       ||    10
       Other             |       |       |       |    39 |     5 ||    44
       Rpst.: Falchion   |     5 |    23 |    14 |       |       ||    42
       Great sword       |       |       |       |    15 |     6 ||    21
